 Dungeon Crawl Stone Soup version 0.32-a0-918-g0f22ef8d61 (webtiles) character file.

Game seed: 6772442312358195357

8103 Belgor the Basher (level 11, -1/100 HPs)
             Began as a Minotaur Berserker on Apr 11, 2024.
             Was a High Priest of Trog.
             Slain by a komodo dragon (11 damage)
             ... on level 12 of the Dungeon.
             The game lasted 00:30:57 (10465 turns).

Belgor the Basher (Minotaur Berserker)             Turns: 10465, Time: 00:30:58

Health: -1/100     AC: 20    Str: 27    XL:     11   Next: 5%
Magic:  10/10      EV:  8    Int:  4    God:    Trog [*****.]
Gold:   742        SH:  0    Dex:  9    Spells: 10/10 levels left

rFire   . . .        n - +8 whip of Gallantry {speed, rPois rC+}
rCold   + . .        (no shield)
rNeg    . . .        D - +0 plate armour
rPois   +            (helmet restricted)
rElec   .            m - +0 cloak
rCorr   .            q - +2 pair of gloves
SInv    .            z - +0 pair of boots
Will    .....        (no amulet) Stlth
                     (no ring)
HPRegen 0.36/turn    (no ring)
MPRegen 0.12/turn

%: no passive effects
@: marked, on berserk cooldown, slowed, very slow
A: horns 2, retaliatory headbutt
a: Renounce Religion, Berserk, Trog's Hand, Brothers in Arms


You were on level 12 of the Dungeon.
You worshipped Trog.
Trog was extremely pleased with you.
You visited 2 branches of the dungeon, and saw 13 of its levels.

You collected 742 gold pieces.

Inventory:

Hand Weapons
 a - a +0 hand axe
 k - a +1 war axe of freezing
 n - the +8 whip of Gallantry (weapon) {speed, rPois rC+}
   (You found it on level 5 of the Dungeon)

   rC+:       It protects you from cold.
   rPois:     It protects you from poison.
 B - a +2 spectral dire flail
Missiles
 d - 12 boomerangs (quivered)
 f - 42 poisoned darts
 G - a throwing net
Armour
 i - a +0 ring mail
 m - a +0 cloak (worn)
 q - a +2 pair of gloves (worn)
 r - +0 steam dragon scales
 z - a +0 pair of boots (worn)
 D - a +0 plate armour (worn)
Jewellery
 g - an amulet of magic regeneration
 s - a ring of ice
Wands
 y - a wand of acid (14)
 C - a wand of paralysis (10)
Scrolls
 b - 2 scrolls of immolation
 c - 13 scrolls of identify
 t - 4 scrolls of teleportation
 v - a scroll of fog
 x - 3 scrolls of poison
Potions
 e - 3 potions of invisibility
 h - a potion of haste
 j - 3 potions of enlightenment
 l - a potion of berserk rage
 o - a potion of might
 p - a potion of attraction
 u - a potion of heal wounds
 w - a potion of lignification {unknown}
 A - a potion of magic {unknown}
 E - a potion of curing {unknown}
 F - a potion of degeneration {unknown}


   Skills:
 + Level 10.2 Fighting
 + Level 8.6(11.0) Axes
 - Level 10.7(12.0) Maces & Flails
 + Level 9.6 Armour
 + Level 7.3 Dodging
 + Level 2.0 Stealth


You had 10 spell levels left.
You didn't know any spells.
Your spell library was empty.

Dungeon Overview and Level Annotations

Branches:
Dungeon (12/15)            Temple (1/1) D:5
   Lair: D:8-11         Orc: D:9-12

Altars:
Ashenzari
Cheibriados
Dithmenos
Elyvilon
Fedhas
Gozag
Hepliaklqana
Kikubaaqudgha
Makhleb
Nemelex Xobeh
Okawaru
Qazlal
Ru
Sif Muna
Trog
Uskayaw
Vehumet
Wu Jian
Xom
Yredelemnul
Zin
The Shining One

Shops:
D:9 (


Innate Abilities, Weirdness & Mutations

You have a pair of horns on your head.
You reflexively headbutt those who attack you in melee.


Message History

The komodo dragon barely misses you.
The kobold demonologist gestures wildly while chanting.
The kobold hits you but does no damage. x2; The kobold misses you.
You furiously retaliate!
You headbutt the kobold!
You kill the kobold!
Trog accepts your kill. The kobold hits you but does no damage.
The sun demon hits you!
* * * LOW HITPOINT WARNING * * *
You are engulfed in flames!!
* * * LOW HITPOINT WARNING * * *
You climb downwards.
Found 13 gold pieces.
There is a stone staircase leading up here.
It was a potion of heal wounds.
You feel much better.
The komodo dragon bites you but does no damage.
The kobold hits you but does no damage. The kobold misses you.
The komodo dragon bites you!
* * * LOW HITPOINT WARNING * * *
You closely miss the komodo dragon.
The kobold hits you but does no damage. x2
You whack the komodo dragon! Your headbutt misses the komodo dragon.
The komodo dragon is moderately wounded.
The komodo dragon bites you but does no damage.
You hit the komodo dragon.
You headbutt the komodo dragon, but do no damage.
The komodo dragon is heavily wounded.
The kobold hits you with a +0 short sword.
* * * LOW HITPOINT WARNING * * *
The kobold hits you but does no damage.
The komodo dragon completely misses you.
You furiously retaliate!
You headbutt the komodo dragon. You whack the komodo dragon!
The komodo dragon is severely wounded.
The kobold misses you. You furiously retaliate!
You headbutt the kobold.
You kill the kobold!
Trog accepts your kill. The kobold closely misses you.
You hit the komodo dragon but do no damage.
The komodo dragon is severely wounded.
The komodo dragon bites you!
You die...

###.......
##........#
..........##
...........###
.....$.......##
..............#
......K.l......
.......@.......
......)........
...............
...............
...............
...............
...............
...............


You could see a komodo dragon and a kobold.

Vanquished Creatures
  A hydra (D:9)
  A boulder beetle (D:11)
  A komodo dragon (D:11)
  A troll (D:10)
  Prince Ribbit (D:9)
  A shadow (D:11)
  A wraith (D:11)
  4 yaks (D:9)
  3 steam dragons
  2 vampire mosquitoes (D:11)
  2 acid dragons
  A water moccasin (D:6)
  An ice beast (D:5)
  An orc warrior (D:9)
  3 sky beasts
  A black bear (D:6)
  2 ogres
  3 centaurs
  The ghost of ezpacito the Chopper, an amateur CoCK of Xom (D:4)
  2 phantoms
  2 kobold brigands
  6 bullfrogs
  5 gnoll sergeants
  5 scorpions
  11 wights
  2 howler monkeys (D:9)
  A bombardier beetle (D:5)
  7 hounds
  9 orc priests
  2 sleepcaps
  3 iguanas
  17 orc wizards
  Terence (D:2)
  7 adders
  18 gnolls
  2 white imps
  A dart slug (D:4)
  A ribbon worm (D:3)
  47 orcs
  6 endoplasms
  3 giant cockroaches
  2 goblins (D:1)
  4 hobgoblins
  5 jackals
  17 kobolds
  5 quokkas
  6 ball pythons
  5 bats
  5 frilled lizards
  5 rats (D:1)
243 creatures vanquished.

Notes
Turn   | Place    | Note
-------+----------+-------------------------------------------
     0 | D:1      | Belgor the Minotaur Berserker began the quest for the Orb.
     0 | D:1      | Reached XP level 1. HP: 19/19 MP: 0/0
   272 | D:1      | Reached XP level 2. HP: 27/27 MP: 1/1
  1005 | D:2      | Reached ** piety under Trog
  1006 | D:2      | Reached XP level 3. HP: 33/33 MP: 2/2
  1030 | D:2      | Noticed Terence
  1036 | D:2      | Killed Terence
  1889 | D:3      | Reached XP level 4. HP: 38/41 MP: 3/3
  2466 | D:4      | Reached skill level 5 in Axes
  2549 | D:4      | Reached XP level 5. HP: 47/47 MP: 4/4
  2604 | D:4      | Noticed an ogre
  2615 | D:4      | Killed an ogre
  2671 | D:4      | Reached XP level 6. HP: 50/55 MP: 5/5
  2942 | D:4      | Reached skill level 5 in Fighting
  2950 | D:4      | Found a runed translucent gate.
  2963 | D:4      | Found a runed translucent gate.
  2963 | D:4      | Noticed ezpacito's ghost (amateur CoCK)
  2964 | D:4      | Found a runed translucent gate.
  2993 | D:4      | Reached *** piety under Trog
  3181 | D:4      | Reached XP level 7. HP: 27/61 MP: 6/6
  3360 | D:4      | Killed ezpacito's ghost
  3367 | D:4      | Reached skill level 5 in Armour
  3520 | D:5      | Entered Level 5 of the Dungeon
  3601 | D:5      | Identified the +0 whip "Pemiw" {pain, *Corrode *Slow Str+6
                  | SInv}
  3756 | D:5      | Identified the +8 whip of Gallantry {speed, rPois rC+}
  4003 | D:5      | Found a staircase to the Ecumenical Temple.
  4008 | Temple   | Entered the Ecumenical Temple
  4232 | D:5      | Reached skill level 1 in Maces & Flails
  4232 | D:5      | Reached XP level 8. HP: 70/70 MP: 7/7
  4310 | D:5      | Reached **** piety under Trog
  4944 | D:6      | Reached skill level 5 in Maces & Flails
  5064 | D:6      | Found a glowing silver altar of Zin.
  5066 | D:6      | Found an opulent altar of Gozag.
  5068 | D:6      | Found a basalt altar of Yredelemnul.
  5068 | D:6      | Found a snail-covered altar of Cheibriados.
  5069 | D:6      | Found a radiant altar of Vehumet.
  5079 | D:6      | Found a stormy altar of Qazlal.
  5616 | D:7      | Reached XP level 9. HP: 78/78 MP: 8/8
  5995 | D:7      | Reached skill level 5 in Dodging
  7032 | D:8      | Reached skill level 1 in Stealth
  7569 | D:9      | Reached skill level 10 in Maces & Flails
  7665 | D:9      | Reached XP level 10. HP: 77/86 MP: 9/9
  7730 | D:9      | Reached ***** piety under Trog
  7922 | D:9      | Noticed a four-headed hydra
  7927 | D:9      | Killed a four-headed hydra
  8529 | D:9      | Found a bloodstained altar of Trog.
  8678 | D:9      | Found Geddiviu's Weapon Emporium.
  8698 | D:9      | Noticed Prince Ribbit
  8712 | D:9      | Killed Prince Ribbit
  9058 | D:10     | Entered Level 10 of the Dungeon
 10424 | D:11     | Noticed a boulder beetle
 10446 | D:11     | Reached skill level 10 in Fighting
 10452 | D:11     | Killed a boulder beetle
 10453 | D:11     | Reached XP level 11. HP: 57/100 MP: 10/10
 10456 | D:11     | Noticed a sun demon
 10458 | D:11     | HP: 1/100 [sun demon[a kobold demonologist] (19)]
 10465 | D:12     | Slain by a komodo dragon

Illustrated notes

Levels and vault maps discovered:
D:1:      eino_arrival_water_star, layout_loops_corners
D:2:      layout_basic, uniq_terence
D:3:      layout_loops_cross
D:4:      layout_gridville, gammafunk_ghost_nasty_kobolds
D:5:      layout_loops_ring, minmay_temple_entry_glassed_door, nicolae_sextant
D:6:      layout_cave_pools, grunt_temple_overflow_open
D:7:      layout_loops_ring, chequers_avenue, corexii_leaking_fountain
D:8:      layout_basic
D:9:      layout_stronghold, mainiacjoe_overflow_alcove_2, serial_shops, shop,
          uniq_prince_ribbit1
D:10:     layout_roguey, minivault_11
D:11:     layout_loops_ring, grunt_lair_entry_orc_guard_hut
D:12:     layout_layer_cave, uniq_maurice, uniq_psyche
Temple:   eino_wide_crystal_templ

Skill      XL: |  1  2  3  4  5  6  7  8  9 10 |
---------------+-------------------------------+-----
Axes           | 4 5 6 8 |  8.6
Fighting       | 4 5 6 7 10 | 10.2
Armour         | 3 4 5 6 9 |  9.6
Dodging        | 3 4 5 7 |  7.3
Maces & Flails | 1 6 10 | 10.7
Stealth        | 1 2 |  2.0

Action                     |  1- 3 |  4- 6 |  7- 9 | 10-12 || total
---------------------------+-------+-------+-------+-------++-------
  Melee: Hand axe          |    92 |   113 |    62 |       ||   267
         Headbutt          |    13 |    15 |    45 |    46 ||   119
         Whip              |       |       |   208 |   244 ||   452
 Invoke: Berserk           |     1 |     1 |     2 |     2 ||     6
    Use: Potion            |     2 |     1 |       |     1 ||     4
         Scroll            |     5 |     2 |     5 |     3 ||    15
   Stab: Invisible         |     1 |       |       |       ||     1
 Armour: Animal skin       |    13 |       |       |       ||    13
         Ring mail         |    57 |    90 |    75 |       ||   222
         Steam dragon scal |       |       |    60 |     4 ||    64
         Plate armour      |       |       |       |   171 ||   171
  Dodge: Dodged            |    30 |    52 |   102 |    78 ||   262

Table legend: (Time is in decaauts)
 A = Elapsed time spent in this place.
 B = Non-inter-level travel time spent in this place.
 C = Inter-level travel time spent in this place.
 D = Time resting spent in this place.
 E = Time spent auto-exploring this place.
 F = Levels seen in this place.
 G = Mean time per level.
                   A        B        C        D        E       F      G
               +--------+--------+--------+--------+--------+-----+--------+
         Total |  10238 |   9879 |    359 |   1459 |   6424 |  13 |  787.5 |
       Dungeon |  10236 |   9877 |    359 |   1459 |   6424 |  12 |  853.0 |
        Temple |      1 |      1 |      0 |      0 |      0 |   1 |    1.0 |
               +--------+--------+--------+--------+--------+-----+--------+

Top non-repeatable levels by time:
     D:9: 1443 daAuts
     D:5: 1136 daAuts
     D:7: 1110 daAuts
     D:4: 1074 daAuts
     D:8: 1062 daAuts
     D:1: 992 daAuts
    D:10: 970 daAuts
     D:3: 776 daAuts
     D:2: 705 daAuts
     D:6: 626 daAuts
    D:11: 332 daAuts
    D:12: 4 daAuts
  Temple: 1 daAuts
